Map: Dusk Towers

Players

sdeart

  • Race: Terran Terran
  • League: Silver

NordWind - Winner!

  • Race: Zerg Zerg

VOD

Have the link to the VOD?

Description

Time

  • Played on: Nov. 19, 2015, 1:08 p.m.
  • Length: 16:52
Show
View Real Time Build Order
Export as new Build Order

sdeart Terran 

Build Orders: Mech 

Get SALT Encoding   

  12  0:03  SCV  
  13  0:15  SCV  
  15  0:28  SCV  
  15  0:29  Supply Depot  
  15  0:53  Barracks  
  15  0:57  Barracks  
  15  0:58  SCV  
  16  1:10  SCV, Refinery  
  17  1:22  Supply Depot, SCV  
  18  1:34  SCV  
  19  1:41  Marine  
  19  1:46  SCV  
  21  1:58  SCV, Marine  
  21  2:00  Refinery  
  23  2:06  Marine  
  24  2:20  Marine  
  25  2:24  SCV  
  25  2:29  Supply Depot  
  26  2:35  Factory  
  26  2:36  SCV  
  27  2:42  Barracks  
  27  2:48  SCV  
  28  2:52  Marine x2  
  30  3:02  SCV  
  31  3:09  Marine  
  31  3:10  Marine  
  33  3:21  Factory Tech Lab  
  33  3:28  Armory  
  33  3:29  Orbital Command  
  33  3:30  Marine x2  
  33  3:31  Marine  
  36  3:48  Supply Depot  
  36  3:49  Marine x3  
  39  4:08  Marine  
  39  4:10  Marine x2  
  41  4:25  Marine  
  41  4:28  Marine x2  
  39  4:39  Thor  
  39  4:43  Marine  
  46  4:45  Marine  
  46  4:52  Supply Depot  
  47  5:01  Starport  
  47  5:11  Terran Vehicle Weapons Level 1  
  47  5:13  Marine x3  
  50  5:32  Marine x2  
  52  5:37  Hellbat  
  52  5:39  Command Center  
  47  6:04  Marine x3  
  43  6:19  Thor  
  43  6:23  Barracks Tech Lab x2  
  43  6:24  Barracks Tech Lab  
  49  6:31  Starport Tech Lab  
  49  6:43  Marine x3  
  49  6:45  Refinery  
  52  6:49  Refinery  
  52  7:00  Infernal Pre-Igniter  
  52  7:03  Combat Shields  
  52  7:06  Stimpack  
  52  7:08  Concussive Shells  
  52  7:10  SCV  
  52  7:11  SCV  
  53  7:23  SCV  
  40  7:39  Banshee  
  40  7:45  Siege Tank  
  40  7:48  Marine x3  
  46  7:57  SCV x2  
  48  8:09  SCV x2  
  48  8:11  Barracks  
  50  8:13  Barracks, Marine  
  50  8:15  Barracks  
  50  8:17  Siege Tank  
  54  8:22  Banshee  
  57  8:40  SCV  
  58  8:44  SCV, Starport  
  59  8:48  Marine  
  60  9:05  Banshee  
  60  9:06  Marine  
  60  9:07  Marine x4  
  60  9:08  Marine  
  69  9:15  SCV  
  70  9:24  Supply Depot  
  70  9:29  Supply Depot  
  70  9:31  Engineering Bay  
  76  9:45  SCV x2  
  76  9:46  Terran Vehicle Weapons Level 2, Marauder x2  
  76  9:49  Starport Tech Lab  
  76  9:57  SCV x2  
  78  10:01  Terran Infantry Weapons Level 1  
  78  10:08  Banshee  
  78  10:09  SCV  
  78  10:12  Viking  
  84  10:23  SCV x2  
  86  10:34  Supply Depot  
  86  10:35  Supply Depot  
  86  10:53  Barracks Reactor x2  
  86  10:54  Barracks Reactor  
  86  10:56  SCV x2, Viking  
  90  10:58  Banshee  
  93  11:13  Orbital Command  
  93  11:22  Command Center  
  93  11:26  Viking  
  93  11:31  Marauder x3  
  93  11:32  Marine  
  102  11:40  Supply Depot  
  102  11:43  Supply Depot  
  102  11:47  Cloaking Field  
  102  12:02  Medivac x2, Marine  
  107  12:13  Supply Depot  
  107  12:18  Supply Depot  
  107  12:28  Terran Infantry Weapons Level 2  
  107  12:29  Supply Depot  
  107  12:31  Supply Depot  
  107  12:32  Medivac  
  107  12:35  Medivac  
  111  12:43  Marauder x2  
  115  12:46  Marauder  
  117  12:51  Orbital Command  
  117  13:02  Marine x2, Medivac  
  117  13:03  Marine x4  
  100  13:31  Marine x3  
  100  13:32  Marine x6  
  80  14:10  Marine x7  
  80  14:11  Marine x2  
  80  14:14  Medivac x2  
  93  14:27  Marine  
  93  14:28  Marine x2  
  93  14:30  Marine  
  93  14:31  Marine x4  
  98  14:44  Medivac  
  72  14:52  Marine  
  72  14:53  Marine x2  
  53  15:19  Siege Tank  
  62  15:21  Marauder x3  
  62  15:22  Marine  
  67  15:42  Marauder  
  67  15:43  Marauder  
  67  15:51  Siege Tank  
  47  16:14  Marine, Marauder  
Show
View Real Time Build Order
Export as new Build Order

NordWind Zerg - Winner!

Build Orders: Hatch First 

Get SALT Encoding   

  12  0:06  Drone  
  13  0:17  Overlord  
  13  0:27  Drone  
  14  0:38  Drone x2  
  16  0:53  Hatchery  
  15  1:04  Drone  
  15  1:05  Drone  
  17  1:22  Spawning Pool  
  16  1:49  Extractor  
  16  1:50  Drone  
  16  1:58  Drone x2  
  18  2:09  Queen x2  
  22  2:17  Drone  
  22  2:18  Zergling x6  
  26  2:23  Roach Warren  
  26  2:24  Overlord  
  26  2:28  Drone  
  26  2:49  Drone x2  
  26  2:50  Drone x2  
  30  3:01  Lair  
  30  3:02  Overlord  
  30  3:04  Overlord  
  30  3:29  Extractor  
  30  3:30  Drone x3  
  30  3:32  Extractor  
  30  3:33  Drone x3  
  34  3:35  Drone  
  34  3:36  Drone  
  34  3:38  Overlord  
  36  3:57  Drone  
  34  4:06  Roach x5  
  44  4:13  Spine Crawler  
  44  4:15  Queen  
  42  4:19  Roach  
  38  4:34  Drone x2  
  38  4:43  Drone  
  38  4:44  Drone x2  
  41  4:47  Drone  
  41  4:51  Queen  
  44  5:07  Drone x3  
  44  5:10  Drone x3  
  50  5:21  Queen  
  52  5:33  Overlord  
  52  5:34  Overlord x2  
  52  5:52  Roach x7  
  60  6:11  Roach  
  60  6:12  Roach x4  
  60  6:17  Ravager  
  60  6:18  Ravager x2  
  73  6:27  Pneumatized Carapace  
  73  6:45  Infestation Pit  
  72  6:55  Roach  
  72  6:56  Roach  
  76  7:01  Overlord x3  
  76  7:02  Overlord  
  76  7:16  Hatchery  
  76  7:20  Extractor  
  72  7:23  Roach x4  
  72  7:24  Roach  
  75  7:47  Ravager x4  
  75  7:48  Ravager  
  80  7:54  Drone x5  
  80  7:55  Drone  
  80  7:56  Drone  
  87  8:21  Hive  
  87  8:29  Drone x2  
  87  8:30  Drone x5  
  94  8:35  Roach  
  94  8:36  Roach x4  
  104  8:45  Spire  
  103  8:48  Drone  
  103  8:51  Drone x2  
  106  8:56  Drone x5  
  106  8:57  Drone x3  
  106  9:01  Overlord  
  114  9:03  Overlord  
  114  9:31  Drone  
  115  9:50  Extractor  
  114  9:58  Extractor  
  113  10:05  Corruptor x3  
  113  10:06  Corruptor x5  
  127  10:10  Hatchery  
  127  10:11  Overlord  
  127  10:12  Overlord x5  
  128  10:32  Ultralisk Cavern  
  127  10:38  Evolution Chamber  
  127  10:39  Evolution Chamber  
  125  11:04  Drone x5  
  127  11:05  Drone  
  131  11:16  Overlord x3  
  131  11:23  Ultralisk x4  
  131  11:24  Ultralisk x2  
  167  11:29  Drone x2  
  167  11:30  Drone x3  
  172  11:35  Zerg Melee Weapons Level 1  
  172  11:36  Zerg Ground Armor Level 1  
  172  11:39  Zerg Flyer Weapons Level 1  
  172  12:17  Roach  
  172  12:18  Roach x6  
  186  12:30  Chitinous Plating  
  186  12:43  Overseer  
  186  12:45  Overlord x3  
  186  12:48  Overseer x2  
  128  13:30  Zergling x6  
  128  13:31  Zergling x42  
  128  13:34  Zerg Flyer Armor Level 1  
  109  14:01  Ultralisk  
  109  14:02  Ultralisk x7  
  157  14:17  Overseer x2  
  157  14:18  Overseer x2  
  131  15:06  Corruptor  
  131  15:07  Corruptor x5  
  130  15:11  Ultralisk  
  130  15:13  Zergling x10  
  130  15:14  Zergling x8  
  157  15:41  Extractor  
  156  15:45  Extractor  
  140  16:11  Zergling x2  
  140  16:12  Zergling x22  
Tags
 
Composition
Mech
League
Silver
Matchup
TvZ
Add a new tag
Caveats
  • Supply blocks, unpowered buildings, or Contaminate may cause inaccurate times.
  • Supply counts are checked every 10 seconds.